 Dungeon Crawl Stone Soup version 0.26.1-11-gd32895ea62 (webtiles) character file.

Game seed: 15031444523507840392

19874 phalm the Destroyer (level 12, -5/91 HPs)
             Began as a Gnoll Conjurer on June 7, 2021.
             Was the Champion of Cheibriados.
             Slain by a death yak (19 damage)
             ... on level 9 of the Dungeon.
             The game lasted 00:28:46 (15761 turns).

phalm the Destroyer (Gnoll Conjurer)               Turns: 15761, Time: 00:28:47

Health: -5/91      AC:  8    Str: 25    XL:     12   Next: 73%
Magic:  2/25       EV: 36    Int: 43    God:    Cheibriados [******]
Gold:   613        SH:  8    Dex: 28    Spells: 18/29 levels left

rFire    + . .     SeeInvis .   r - +1 long sword (elec)
rCold    . . .     Faith    .   N - +0 buckler
rNeg     . . .     Spirit   .   Q - +0 troll leather armour
rPois    .         Reflect  .   (no helmet)
rElec    .         Harm     .   y - +0 cloak
rCorr    .         Rampage  .   (no gloves)
Will     .....                  b - +0 pair of boots
Stlth    +++++.....             A - amulet of the acrobat
HPRegen  0.65/turn              a - ring "Guqagud" {+Blink rF+ Int+2}
MPRegen  0.19/turn              Z - ring of wizardry

@: acrobat, very slow
A: distributed training, fangs 1, strong nose
a: Renounce Religion, Evoke Blink, Bend Time, Temporal Distortion, Slouch, Step
From Time


You were on level 9 of the Dungeon.
You worshipped Cheibriados.
Cheibriados was exalted by your worship.
You visited 2 branches of the dungeon, and saw 11 of its levels.
You also visited: Sewer.

You collected 613 gold pieces.


Innate Abilities, Weirdness & Mutations

Your experience applies equally to all skills.
You have very sharp teeth.
Your uncanny sense of smell can sniff out nearby items.


   Skills:
 + Level 7.5 Fighting
 + Level 7.5 Short Blades
 + Level 7.5 Long Blades
 + Level 7.5 Axes
 + Level 7.5 Maces & Flails
 + Level 7.5 Polearms
 + Level 7.5 Staves
 + Level 7.5 Slings
 + Level 7.5 Bows
 + Level 7.5 Crossbows
 + Level 7.5 Throwing
 + Level 7.5 Armour
 + Level 8.9 Dodging
 + Level 8.7 Stealth
 + Level 7.5 Shields
 + Level 7.5 Unarmed Combat
 + Level 9.1 Spellcasting
 + Level 9.5 Conjurations
 + Level 6.3 Hexes
 + Level 6.3 Summonings
 + Level 6.3 Necromancy
 + Level 6.3 Translocations
 + Level 6.3 Transmutations
 + Level 6.3 Fire Magic
 + Level 6.3 Ice Magic
 + Level 6.3 Air Magic
 + Level 6.3 Earth Magic
 + Level 6.3 Poison Magic
 + Level 8.3 Invocations
 + Level 7.5 Evocations


You had 18 spell levels left.
You knew the following spells:

 Your Spells              Type           Power        Failure   Level
f - Fulminant Prism       Conj/Hex       36%          1%          4
m - Magic Dart            Conj           100%         1%          1
s - Searing Ray           Conj           100%         1%          2
X - Iskenderun's Mystic   Conj/Tloc      73%          1%          4

Your spell library contained the following spells:

 Spells                   Type           Power        Failure   Level
 Dazzling Flash           Conj/Hex       100%         1%          3

Inventory:

Hand Weapons
 r - a +1 long sword of electrocution (weapon)
   (You took it off a wight on level 7 of the Dungeon)
 G - a +3 scimitar
   (You took it off a wight on level 7 of the Dungeon)
 S - a +3 long sword
   (You took it off a wight on level 10 of the Dungeon)
Missiles
 e - a throwing net {=f!f}
 n - 20 boomerangs
 o - 53 sling bullets
 p - 31 poisoned darts
 z - 8 silver boomerangs
 F - 20 bolts
 L - a boomerang of dispersal {=f!f}
Armour
 b - a +0 pair of boots (worn)
   (You found it on level 1 of the Dungeon)
 c - the +3 scale mail of Dramatic Exits {rCorr}
   (You found it on level 6 of the Dungeon)

   It provides partial protection from all sources of acid and corrosion.
 k - a +0 tower shield
   (You found it on level 1 of the Dungeon)
 y - a +0 cloak (worn)
   (You found it on level 5 of the Dungeon)
 M - a cursed -1 kite shield
   (You took it off a gnoll sergeant on level 8 of the Dungeon)
 N - a +0 buckler (worn)
   (You found it on level 8 of the Dungeon)
 O - the +10 tower shield of Ignorance {rN+ Int-4}
   (You found it on level 8 of the Dungeon)

   It affects your intelligence (-4).
   It protects you from negative energy.
 Q - a +0 troll leather armour (worn)
   (You found it on level 9 of the Dungeon)
Jewellery
 a - the ring "Guqagud" (left hand) {+Blink rF+ Int+2}
   (You found it on level 9 of the Dungeon)

   [ring of protection from fire]

   It affects your intelligence (+2).
   It protects you from fire.
   It lets you blink.
 v - an uncursed ring of see invisible
   (You found it on level 5 of the Dungeon)
 A - an amulet of the acrobat (around neck)
   (You found it on level 7 of the Dungeon)
 E - a +4 ring of evasion
   (You found it on level 3 of the Dungeon)
 R - an uncursed ring of resist corrosion
   (You found it on level 8 of the Dungeon)
 Z - a ring of wizardry (right hand)
   (You found it on level 3 of the Dungeon)
Wands
 m - a wand of enslavement (18)
   (You found it on level 2 of the Dungeon)
 I - a wand of flame (16)
   (You took it off an orc on level 7 of the Dungeon)
 K - a wand of iceblast (7)
   (You took it off an orc on level 7 of the Dungeon)
Scrolls
 i - 2 scrolls of enchant weapon
 l - 2 scrolls of teleportation {@r4}
 t - 2 scrolls of immolation {!r!r}
 B - 4 scrolls of remove curse {unknown}
 C - 2 scrolls of blinking {unknown}
 D - a scroll of fear {unknown}
 H - 5 scrolls of identify {@r1}
 P - a scroll of summoning {unknown}
Potions
 d - 3 potions of curing {@q1}
 f - 2 potions of lignification {!q}
 g - a potion of cancellation
 h - a potion of invisibility
 j - 3 potions of brilliance
 q - 2 potions of degeneration {unknown}
 s - a potion of mutation {unknown}
 u - 4 potions of flight
 w - 4 potions of heal wounds {@q2}
 x - a potion of haste {unknown}
 J - a potion of attraction {unknown}

Dungeon Overview and Level Annotations

Branches:
Dungeon (10/15)            Temple (1/1) D:5           Sewer (visited)
   Lair: D:8-11         Orc: D:9-12

Altars:
Ashenzari
Cheibriados
Dithmenos
Elyvilon
Hepliaklqana
Kikubaaqudgha
Makhleb
Nemelex Xobeh
Okawaru
Ru
Sif Muna
Trog
Uskayaw
Vehumet
Xom
Yredelemnul
Zin
The Shining One

Annotations:
D:5 Sigmund
D:10 exclusion: orange crystal statue

#......# ##'##
#####.## #.# #.# #.#
#.# ##.###### #.#
######........ #.#
#.........###. #.#
#.###.........
#.######.###.#...#...
#...@YY>.....##..#...
########.........###.
########......
#######


You could see 2 death yaks.


Message History

Casting: Searing Ray (safe; 1% risk of failure)
Confirm with . or Enter, or press ? or * to list all spells.
Aiming: Searing Ray (safe; 1% risk of failure)
Press: ? - help, Shift-Dir - straight line, f - death yak
Aim: a death yak (lightly wounded, 6% to evade)
The searing ray hits the death yak! x4 (Press . to maintain the ray.)
The death yak closely misses you.
You riposte.
You hit the death yak but do no damage.
You bite the death yak, but do no damage. 😕 MP[-2]
You lost 2 mp, and now have 3/25 mp.
The searing ray hits the death yak.
You kill the death yak!
Cheibriados thoroughly appreciates the change of pace.
The searing ray hits the death yak!
The searing ray hits the death yak.
The searing ray hits the death yak!
The death yak snorts and paws the ground. 😕 HP[+1] MP[-1]
You lost 1 mp, and now have 2/25 mp.
The searing ray hits the death yak but does no damage.
The searing ray hits the death yak! x2; You block the death yak's attack. 😕 HP[+1] MP[-1]
You lost 1 mp, and now have 1/25 mp.
The searing ray hits the death yak! x2; The searing ray hits the death yak.
You finish channeling your searing ray.
The death yak barely misses you. 😕 MP[-1]
You lost 1 mp, and now have 0/25 mp.
You slash the death yak!
You kill the death yak!
Cheibriados thoroughly appreciates the change of pace. 😕 HP[+1] MP[+1]
You barely miss the death yak. Your bite misses the death yak.
The death yak gores you! 😮 HP[-13]
You take 13 damage, and now have 62/91 hp.
You block the death yak's attack. 😮 HP[+1]
The death yak gores you! 😮 HP[-8]
You take 8 damage, and now have 55/91 hp.
The death yak gores you!!
* * * LOW HITPOINT WARNING * * *
😨 HP[-17] MP[+1]
You take 17 damage, and now have 38/91 hp. 😨 HP[+1]
The death yak completely misses you.
You riposte.
You hit the death yak.
Lightning courses through the death yak!
You bite the death yak, but do no damage.
The death yak misses you. The death yak closely misses you.
You riposte.
You hit the death yak but do no damage. 😨 HP[+1] MP[+1]
The death yak completely misses you. x2 😨 HP[+2]
You regained 2 hp, and now have 42/91 hp.
The death yak gores you!
* * * LOW HITPOINT WARNING * * *
The death yak gores you!
* * * LOW HITPOINT WARNING * * *
😱 HP[-27]
You take 27 damage, and now have 15/91 hp.
MASSIVE DAMAGE!! (PAUSE)
The death yak completely misses you. The death yak barely misses you.
You riposte.
You completely miss the death yak. You bite the death yak! 😱 HP[+1] MP[+1]
Casting: Searing Ray (safe; 1% risk of failure)
Confirm with . or Enter, or press ? or * to list all spells.
You erupt in a blast of force!
The mystic blast hits the death yak but does no damage.
The mystic blast hits the death yak!
The death yak is knocked back by the mystic blast.
You block the death yak's attack. 😱 HP[+1] MP[-4]
You lost 4 mp, and now have 0/25 mp.
The death yak gores you.
* * * LOW HITPOINT WARNING * * *
There is a stone staircase leading up here.
You feel much better. The death yak gores you!!
* * * LOW HITPOINT WARNING * * *
The death yak misses you.
You riposte.
You hit the death yak.
You bite the death yak, but do no damage. 😱 HP[+4] MP[+1]
You regained 4 hp, and now have 21/91 hp.
The death yak completely misses you. The death yak misses you.
You climb upwards.
There is a stone staircase leading down here. 😱 HP[+1]
The death yak gores you but does no damage. 😨 HP[+2]
You regained 2 hp, and now have 24/91 hp.
The death yak gores you!
* * * LOW HITPOINT WARNING * * *
😱 HP[-16] MP[+1]
You take 16 damage, and now have 8/91 hp.
You feel much better. The death yak gores you!
* * * LOW HITPOINT WARNING * * *
😱 HP[+5]
You regained 5 hp, and now have 13/91 hp.
The death yak gores you!!
You die...

Skill      XL: |  1  2  3  4  5  6  7  8  9 10 11 12 |
---------------+-------------------------------------+-----
Spellcasting   | 5 6 7 8 9 |  9.1
Invocations    | 1 2 3 4 5 6 7 8 |  8.3
Fighting       | 1 2 3 4 6 7 |  7.5
Short Blades   | 1 2 3 4 6 7 |  7.5
Long Blades    | 1 2 3 4 6 7 |  7.5
Axes           | 1 2 3 4 6 7 |  7.5
Maces & Flails | 1 2 3 4 6 7 |  7.5
Polearms       | 1 2 3 4 6 7 |  7.5
Staves         | 1 2 3 4 6 7 |  7.5
Slings         | 1 2 3 4 6 7 |  7.5
Bows           | 1 2 3 4 6 7 |  7.5
Crossbows      | 1 2 3 4 6 7 |  7.5
Throwing       | 1 2 3 4 6 7 |  7.5
Armour         | 1 2 3 4 6 7 |  7.5
Shields        | 1 2 3 4 6 7 |  7.5
Unarmed Combat | 1 2 3 4 6 7 |  7.5
Evocations     | 1 2 3 4 6 7 |  7.5
Hexes          | 1 2 3 4 5 6 |  6.3
Summonings     | 1 2 3 4 5 6 |  6.3
Necromancy     | 1 2 3 4 5 6 |  6.3
Translocations | 1 2 3 4 5 6 |  6.3
Transmutations | 1 2 3 4 5 6 |  6.3
Fire Magic     | 1 2 3 4 5 6 |  6.3
Ice Magic      | 1 2 3 4 5 6 |  6.3
Air Magic      | 1 2 3 4 5 6 |  6.3
Earth Magic    | 1 2 3 4 5 6 |  6.3
Poison Magic   | 1 2 3 4 5 6 |  6.3
Dodging        | 5 6 7 8 |  8.9
Stealth        | 5 6 7 8 |  8.7
Conjurations   | 8 9 |  9.5

Action                   |  1- 3 |  4- 6 |  7- 9 | 10-12 || total
-------------------------+-------+-------+-------+-------++-------
Melee: Dagger            |       |    28 |       |       ||    28
       Rapier            |       |     3 |    45 |       ||    48
       Falchion          |       |     1 |       |       ||     1
       Bite              |       |       |     6 |    18 ||    24
       Punch             |       |       |     1 |     2 ||     3
       Long sword        |       |       |       |    59 ||    59
 Cast: Magic Dart        |    47 |   127 |   176 |   365 ||   715
       Searing Ray       |     2 |    13 |    44 |    57 ||   116
       Iskenderun's Myst |       |       |     2 |     7 ||     9
       Fulminant Prism   |       |       |       |    25 ||    25
Invok: Bend Time         |       |       |     1 |       ||     1
Evoke: Wand              |       |       |       |     8 ||     8
  Use: Scroll            |       |       |    12 |     1 ||    13
       Potion            |       |       |       |     2 ||     2
 Stab: Sleeping          |       |     2 |     4 |     1 ||     7
Armor: Robe              |     1 |     4 |    19 |     8 ||    32
       Troll leather arm |       |       |       |     5 ||     5
Dodge: Dodged            |     2 |    38 |   128 |   165 ||   333
Block: Buckler           |       |       |       |    36 ||    36
       Rpst.: Long sword |       |       |     2 |    49 ||    51

Levels and vault maps discovered:
D:1:      tarquinn_simple_flora_water_d, layout_basic,
          wander_ebering_terrifying_dragon_lair
D:2:      layout_loops_corners, general_overflow_altar,
          gammafunk_temple_overflow_wave, lemuel_round_altar
D:3:      layout_basic, nzn_hepliaklqana_mist_gate
D:4:      layout_cave_pods, grunt_dithmenos_shadows,
          amcnicky_mini_rare_corridor_liquid, minmay_unequal
D:5:      layout_rooms, minmay_temple_entry_trees, st_stairs_10,
          minmay_statues_item, led_sif_book, uniq_sigmund
D:6:      layout_rooms, zin_academy, portal_sewer_entry_b, basic_altar,
          roderic_serpentine_path
D:7:      lemuel_castle_with_subvaults [lemuel_castle_interior_original],
          layout_loops_ring
D:8:      layout_rooms, chequers_guarded_unrand_ignorance
D:9:      layout_loops_corners, marbit_many_paths, minmay_nine_imps
D:10:     lemuel_upstairs_altar, layout_loops_ring, dpeg_lair_monsters,
          solitary_fountain, minivault_16, okawaru_humans, uniq_josephine
Temple:   eino_narrow_crystal_temple

Notes
Turn   | Place    | Note
-------+----------+-------------------------------------------
     0 | D:1      | phalm the Gnoll Conjurer began the quest for the Orb.
     0 | D:1      | Reached XP level 1. HP: 13/13 MP: 6/6
     0 | D:1      | magus.rc [v1.9.10]
   280 | D:1      | Reached XP level 2. HP: 19/19 MP: 4/7
   332 | D:1      | Learned a level 2 spell: Searing Ray
   675 | D:1      | Reached XP level 3. HP: 25/25 MP: 3/9
   677 | D:1      | Reached skill level 5 in Spellcasting
  1013 | D:2      | Reached skill level 1 in Invocations
  1076 | D:2      | Reached skill level 1 in Fighting
  1076 | D:2      | Reached skill level 1 in Short Blades
  1076 | D:2      | Reached skill level 1 in Long Blades
  1076 | D:2      | Reached skill level 1 in Axes
  1076 | D:2      | Reached skill level 1 in Maces & Flails
  1076 | D:2      | Reached skill level 1 in Polearms
  1076 | D:2      | Reached skill level 1 in Staves
  1076 | D:2      | Reached skill level 1 in Slings
  1076 | D:2      | Reached skill level 1 in Bows
  1076 | D:2      | Reached skill level 1 in Crossbows
  1076 | D:2      | Reached skill level 1 in Throwing
  1076 | D:2      | Reached skill level 1 in Armour
  1076 | D:2      | Reached skill level 1 in Shields
  1076 | D:2      | Reached skill level 1 in Unarmed Combat
  1076 | D:2      | Reached skill level 1 in Evocations
  1240 | D:2      | Found a burning altar of Makhleb.
  1240 | D:2      | Found a sparkling altar of Nemelex Xobeh.
  1317 | D:2      | Found a basalt altar of Yredelemnul.
  1326 | D:2      | Reached XP level 4. HP: 32/32 MP: 7/11
  1431 | D:2      | Learned a level 4 spell: Fulminant Prism
  1436 | D:2      | Learned a level 4 spell: Iskenderun's Mystic Blast
  1476 | D:2      | Found a bloodstained altar of Trog.
  1858 | D:2      | Reached skill level 1 in Hexes
  1858 | D:2      | Reached skill level 1 in Summonings
  1858 | D:2      | Reached skill level 1 in Necromancy
  1858 | D:2      | Reached skill level 1 in Translocations
  1858 | D:2      | Reached skill level 1 in Transmutations
  1858 | D:2      | Reached skill level 1 in Fire Magic
  1858 | D:2      | Reached skill level 1 in Ice Magic
  1858 | D:2      | Reached skill level 1 in Air Magic
  1858 | D:2      | Reached skill level 1 in Earth Magic
  1858 | D:2      | Reached skill level 1 in Poison Magic
  1982 | D:2      | Noticed a phantom
  2008 | D:2      | Killed a phantom
  2009 | D:2      | Reached XP level 5. HP: 13/37 MP: 0/12
  2807 | D:3      | Reached XP level 6. HP: 44/44 MP: 6/13
  2808 | D:3      | Reached skill level 2 in Invocations
  3219 | D:3      | Reached skill level 2 in Fighting
  3219 | D:3      | Reached skill level 2 in Short Blades
  3219 | D:3      | Reached skill level 2 in Long Blades
  3219 | D:3      | Reached skill level 2 in Axes
  3219 | D:3      | Reached skill level 2 in Maces & Flails
  3219 | D:3      | Reached skill level 2 in Polearms
  3219 | D:3      | Reached skill level 2 in Staves
  3219 | D:3      | Reached skill level 2 in Slings
  3219 | D:3      | Reached skill level 2 in Bows
  3219 | D:3      | Reached skill level 2 in Crossbows
  3219 | D:3      | Reached skill level 2 in Throwing
  3219 | D:3      | Reached skill level 2 in Armour
  3219 | D:3      | Reached skill level 5 in Dodging
  3219 | D:3      | Reached skill level 2 in Shields
  3219 | D:3      | Reached skill level 2 in Unarmed Combat
  3219 | D:3      | Reached skill level 2 in Evocations
  3460 | D:3      | Found a hazy altar of Hepliaklqana.
  4393 | D:4      | HP: 11/44 [orc priest/divine providence (15)]
  4395 | D:4      | Reached XP level 7. HP: 12/50 MP: 7/15
  5023 | D:4      | Found a shadowy altar of Dithmenos.
  5031 | D:4      | Reached skill level 2 in Hexes
  5031 | D:4      | Reached skill level 2 in Summonings
  5031 | D:4      | Reached skill level 2 in Necromancy
  5031 | D:4      | Reached skill level 2 in Translocations
  5031 | D:4      | Reached skill level 2 in Transmutations
  5031 | D:4      | Reached skill level 2 in Fire Magic
  5031 | D:4      | Reached skill level 2 in Ice Magic
  5031 | D:4      | Reached skill level 2 in Air Magic
  5031 | D:4      | Reached skill level 2 in Earth Magic
  5031 | D:4      | Reached skill level 2 in Poison Magic
  5529 | D:5      | Entered Level 5 of the Dungeon
  5538 | D:5      | Reached skill level 5 in Stealth
  5701 | D:5      | Reached skill level 3 in Invocations
  5764 | D:5      | Noticed Sigmund
  5966 | D:5      | Reached skill level 3 in Fighting
  5966 | D:5      | Reached skill level 3 in Short Blades
  5966 | D:5      | Reached skill level 3 in Long Blades
  5966 | D:5      | Reached skill level 3 in Axes
  5966 | D:5      | Reached skill level 3 in Maces & Flails
  5966 | D:5      | Reached skill level 3 in Polearms
  5966 | D:5      | Reached skill level 3 in Staves
  5966 | D:5      | Reached skill level 3 in Slings
  5966 | D:5      | Reached skill level 3 in Bows
  5966 | D:5      | Reached skill level 3 in Crossbows
  5966 | D:5      | Reached skill level 3 in Throwing
  5966 | D:5      | Reached skill level 3 in Armour
  5966 | D:5      | Reached skill level 3 in Shields
  5966 | D:5      | Reached skill level 3 in Unarmed Combat
  5966 | D:5      | Reached skill level 3 in Evocations
  5966 | D:5      | Reached XP level 8. HP: 58/58 MP: 2/16
  6077 | D:5      | Found a shimmering blue altar of Sif Muna.
  6348 | D:5      | Found a staircase to the Ecumenical Temple.
  6385 | Temple   | Entered the Ecumenical Temple
  6391 | Temple   | Became a worshipper of Cheibriados the Contemplative
  6442 | D:6      | Reached skill level 6 in Spellcasting
  6577 | D:6      | Found a glowing silver altar of Zin.
  6581 | D:6      | Found a glowing drain.
  6636 | Sewer    | Entered a sewer
  6838 | Sewer    | Found a white marble altar of Elyvilon.
  7096 | D:6      | Got a smelly scale mail
  7107 | D:6      | Identified the +3 scale mail of Dramatic Exits {rCorr} (You
                  | found it on level 6 of the Dungeon)
  7236 | D:6      | Reached * piety under Cheibriados
  7244 | D:6      | Reached skill level 3 in Hexes
  7244 | D:6      | Reached skill level 3 in Summonings
  7244 | D:6      | Reached skill level 3 in Necromancy
  7244 | D:6      | Reached skill level 3 in Translocations
  7244 | D:6      | Reached skill level 3 in Transmutations
  7244 | D:6      | Reached skill level 3 in Fire Magic
  7244 | D:6      | Reached skill level 3 in Ice Magic
  7244 | D:6      | Reached skill level 3 in Air Magic
  7244 | D:6      | Reached skill level 3 in Earth Magic
  7244 | D:6      | Reached skill level 3 in Poison Magic
  7244 | D:6      | Reached skill level 4 in Invocations
  7412 | D:6      | Reached skill level 6 in Dodging
  7412 | D:6      | Reached XP level 9. HP: 65/65 MP: 4/18
  7588 | D:6      | Reached skill level 4 in Fighting
  7588 | D:6      | Reached skill level 4 in Short Blades
  7588 | D:6      | Reached skill level 4 in Long Blades
  7588 | D:6      | Reached skill level 4 in Axes
  7588 | D:6      | Reached skill level 4 in Maces & Flails
  7588 | D:6      | Reached skill level 4 in Polearms
  7588 | D:6      | Reached skill level 4 in Staves
  7588 | D:6      | Reached skill level 4 in Slings
  7588 | D:6      | Reached skill level 4 in Bows
  7588 | D:6      | Reached skill level 4 in Crossbows
  7588 | D:6      | Reached skill level 4 in Throwing
  7588 | D:6      | Reached skill level 4 in Armour
  7588 | D:6      | Reached skill level 4 in Shields
  7588 | D:6      | Reached skill level 4 in Unarmed Combat
  7588 | D:6      | Reached skill level 4 in Evocations
  7770 | D:6      | Found a sacrificial altar of Ru.
  7899 | D:7      | Reached skill level 6 in Stealth
  7899 | D:7      | Reached skill level 8 in Conjurations
  7994 | D:7      | Reached ** piety under Cheibriados
  8235 | D:7      | Noticed an orc knight
  8235 | D:7      | Noticed an orc warlord
  8590 | D:7      | Reached skill level 5 in Invocations
  8896 | D:7      | Reached *** piety under Cheibriados
  9060 | D:7      | Reached skill level 7 in Spellcasting
  9165 | D:7      | Reached skill level 4 in Hexes
  9165 | D:7      | Reached skill level 4 in Summonings
  9165 | D:7      | Reached skill level 4 in Necromancy
  9165 | D:7      | Reached skill level 4 in Translocations
  9165 | D:7      | Reached skill level 4 in Transmutations
  9165 | D:7      | Reached skill level 4 in Fire Magic
  9165 | D:7      | Reached skill level 4 in Ice Magic
  9165 | D:7      | Reached skill level 4 in Air Magic
  9165 | D:7      | Reached skill level 4 in Earth Magic
  9165 | D:7      | Reached skill level 4 in Poison Magic
  9165 | D:7      | Reached XP level 10. HP: 73/73 MP: 5/20
  9320 | D:7      | Reached skill level 5 in Fighting
  9320 | D:7      | Reached skill level 5 in Short Blades
  9320 | D:7      | Reached skill level 5 in Long Blades
  9320 | D:7      | Reached skill level 5 in Axes
  9320 | D:7      | Reached skill level 5 in Maces & Flails
  9320 | D:7      | Reached skill level 5 in Polearms
  9320 | D:7      | Reached skill level 5 in Staves
  9320 | D:7      | Reached skill level 5 in Slings
  9320 | D:7      | Reached skill level 5 in Bows
  9320 | D:7      | Reached skill level 5 in Crossbows
  9320 | D:7      | Reached skill level 5 in Throwing
  9320 | D:7      | Reached skill level 5 in Armour
  9320 | D:7      | Reached skill level 5 in Shields
  9320 | D:7      | Reached skill level 5 in Unarmed Combat
  9320 | D:7      | Reached skill level 5 in Evocations
  9721 | D:7      | Reached skill level 7 in Dodging
  9975 | D:7      | Reached **** piety under Cheibriados
 10030 | D:7      | Killed an orc knight
 10200 | D:7      | Killed an orc warlord
 10201 | D:7      | Reached skill level 7 in Stealth
 10201 | D:7      | Reached skill level 6 in Invocations
 10588 | D:7      | Noticed a centaur warrior
 10695 | D:7      | Killed a centaur warrior
 10696 | D:7      | Reached skill level 6 in Fighting
 10696 | D:7      | Reached skill level 6 in Short Blades
 10696 | D:7      | Reached skill level 6 in Long Blades
 10696 | D:7      | Reached skill level 6 in Axes
 10696 | D:7      | Reached skill level 6 in Maces & Flails
 10696 | D:7      | Reached skill level 6 in Polearms
 10696 | D:7      | Reached skill level 6 in Staves
 10696 | D:7      | Reached skill level 6 in Slings
 10696 | D:7      | Reached skill level 6 in Bows
 10696 | D:7      | Reached skill level 6 in Crossbows
 10696 | D:7      | Reached skill level 6 in Throwing
 10696 | D:7      | Reached skill level 6 in Armour
 10696 | D:7      | Reached skill level 6 in Shields
 10696 | D:7      | Reached skill level 6 in Unarmed Combat
 10696 | D:7      | Reached skill level 6 in Evocations
 10696 | D:7      | Reached XP level 11. HP: 48/81 MP: 13/22
 10941 | D:7      | Noticed an orc knight
 10953 | D:7      | Killed an orc knight
 10954 | D:7      | Reached skill level 5 in Hexes
 10954 | D:7      | Reached skill level 5 in Summonings
 10954 | D:7      | Reached skill level 5 in Necromancy
 10954 | D:7      | Reached skill level 5 in Translocations
 10954 | D:7      | Reached skill level 5 in Transmutations
 10954 | D:7      | Reached skill level 5 in Fire Magic
 10954 | D:7      | Reached skill level 5 in Ice Magic
 10954 | D:7      | Reached skill level 5 in Air Magic
 10954 | D:7      | Reached skill level 5 in Earth Magic
 10954 | D:7      | Reached skill level 5 in Poison Magic
 11381 | D:7      | Reached skill level 8 in Spellcasting
 11799 | D:8      | Found a runed translucent door.
 11803 | D:8      | Found the +10 tower shield of Ignorance {rN+ Int-4}
 11859 | D:8      | Noticed an orange crystal statue
 11871 | D:8      | Found a runed translucent door.
 11879 | D:8      | Noticed a brown ugly thing
 11957 | D:8      | Reached ***** piety under Cheibriados
 12191 | D:8      | Killed a brown ugly thing
 12358 | D:8      | Noticed a two-headed ogre
 12361 | D:8      | Killed a two-headed ogre
 12364 | D:8      | Reached skill level 9 in Conjurations
 12364 | D:8      | Reached skill level 7 in Invocations
 12672 | D:8      | Noticed a two-headed ogre
 12679 | D:8      | Killed a two-headed ogre
 12680 | D:8      | Reached skill level 8 in Dodging
 12964 | D:8      | Killed an orange crystal statue
 12970 | D:8      | Noticed an orange crystal statue
 12970 | D:8      | Noticed an orange crystal statue
 12970 | D:8      | Noticed an orange crystal statue
 13109 | D:8      | Killed an orange crystal statue
 13187 | D:8      | Killed an orange crystal statue
 13188 | D:8      | Reached skill level 8 in Stealth
 13298 | D:8      | Killed an orange crystal statue
 13512 | D:9      | Reached XP level 12. HP: 89/89 MP: 10/24
 13787 | D:9      | Noticed a two-headed ogre
 13796 | D:9      | Killed a two-headed ogre
 13797 | D:9      | Reached skill level 7 in Fighting
 13797 | D:9      | Reached skill level 7 in Short Blades
 13797 | D:9      | Reached skill level 7 in Long Blades
 13797 | D:9      | Reached skill level 7 in Axes
 13797 | D:9      | Reached skill level 7 in Maces & Flails
 13797 | D:9      | Reached skill level 7 in Polearms
 13797 | D:9      | Reached skill level 7 in Staves
 13797 | D:9      | Reached skill level 7 in Slings
 13797 | D:9      | Reached skill level 7 in Bows
 13797 | D:9      | Reached skill level 7 in Crossbows
 13797 | D:9      | Reached skill level 7 in Throwing
 13797 | D:9      | Reached skill level 7 in Armour
 13797 | D:9      | Reached skill level 7 in Shields
 13797 | D:9      | Reached skill level 7 in Unarmed Combat
 13797 | D:9      | Reached skill level 7 in Evocations
 14936 | D:9      | Got a faintly glowing bone ring
 14963 | D:9      | Reached ****** piety under Cheibriados
 14965 | D:9      | Identified the ring "Guqagud" {+Blink rF+ Int+2} (You found
                  | it on level 9 of the Dungeon)
 15028 | D:9      | Found a white marble altar of Elyvilon.
 15081 | D:10     | Entered Level 10 of the Dungeon
 15111 | D:10     | Noticed a two-headed ogre
 15120 | D:10     | Killed a two-headed ogre
 15224 | D:10     | Found an iron altar of Okawaru.
 15231 | D:10     | Reached skill level 6 in Hexes
 15231 | D:10     | Reached skill level 6 in Summonings
 15231 | D:10     | Reached skill level 6 in Necromancy
 15231 | D:10     | Reached skill level 6 in Translocations
 15231 | D:10     | Reached skill level 6 in Transmutations
 15231 | D:10     | Reached skill level 6 in Fire Magic
 15231 | D:10     | Reached skill level 6 in Ice Magic
 15231 | D:10     | Reached skill level 6 in Air Magic
 15231 | D:10     | Reached skill level 6 in Earth Magic
 15231 | D:10     | Reached skill level 6 in Poison Magic
 15684 | D:10     | Noticed Josephine
 15694 | D:10     | Killed Josephine
 15695 | D:10     | Reached skill level 9 in Spellcasting
 15695 | D:10     | Reached skill level 8 in Invocations
 15701 | D:10     | Noticed a death yak
 15712 | D:10     | Killed a death yak
 15713 | D:10     | Noticed a death yak
 15714 | D:10     | Noticed a death yak
 15720 | D:10     | Noticed a death yak
 15727 | D:10     | Noticed a death yak
 15740 | D:10     | Killed a death yak
 15743 | D:10     | Killed a death yak
 15751 | D:10     | HP: 15/91 [death yak (13)]
 15759 | D:9      | HP: 8/91 [death yak (17)]
 15761 | D:9      | Slain by a death yak

Vanquished Creatures
  An orc warlord (D:7)
  Josephine (D:10)
  A centaur warrior (D:7)
  4 two-headed ogres
  3 death yaks (D:10)
  2 orc knights (D:7)
  4 orange crystal statues (D:8)
  An ugly thing (D:8)
  A gargoyle (D:10)
  A troll (D:9)
  4 wraiths (D:10)
  A wyvern (D:10)
  2 humans (D:10)
  6 yaks (D:9)
  A steam dragon (D:9)
  14 wargs (D:7)
  An acid dragon (D:9)
  A water moccasin (D:8)
  10 orc warriors
  4 phantoms
  An ice beast (D:6)
  2 necrophages
  3 black bears
  2 centaurs
  A big kobold (Sewer)
  A gnoll sergeant (D:8)
  5 bullfrogs
  2 scorpions
  A water moccasin skeleton (D:9)
  5 killer bees (D:8)
  10 wights
  A howler monkey (D:5)
  5 crimson imps (D:9)
  5 hounds
  2 jellies
  9 orc priests
  A bullfrog skeleton (D:5)
  14 orc wizards
  8 iguanas
  9 worker ants
  3 hound zombies
  5 gnolls
  9 adders
  A river rat (D:6)
  8 shadow imps
  8 white imps
  An ufetubus (D:10)
  4 oozes
  An adder zombie (D:9)
  2 adder skeletons
  2 worms (D:2)
  4 dart slugs
  2 leopard geckos (D:1)
  89 orcs
  9 giant cockroaches
  11 goblins
  13 hobgoblins
  11 jackals
  6 quokkas
  5 ball pythons
  4 bats
  7 frilled lizards
  8 kobolds
  8 rats
371 creatures vanquished.

Vanquished Creatures (others)
  25 fulminant prisms
25 creatures vanquished.

Grand Total: 396 creatures vanquished

Table legend:
 A = Non-vault XP
 B = Vault XP
 C = Vault XP percentage of total XP
 D = Non-vault monster count
 E = Vault monster count
 F = Vault count percentage of total count
                 A         B        C        D         E       F
            +---------+---------+-------+---------+---------+-------
      Total |   12817 |   15575 |  54.9 |     260 |     111 |  29.9
            +---------+---------+-------+---------+---------+-------
        D:1 |      40 |       3 |   7.0 |      21 |       1 |   4.5
        D:2 |     249 |       0 |   0.0 |      24 |       0 |   0.0
        D:3 |     236 |       0 |   0.0 |      41 |       0 |   0.0
        D:4 |     245 |     170 |  41.0 |      15 |       3 |  16.7
        D:5 |     303 |     176 |  36.7 |      13 |       5 |  27.8
        D:6 |    1307 |      18 |   1.4 |      27 |       4 |  12.9
        D:7 |    1322 |    7103 |  84.3 |      38 |      63 |  62.4
        D:8 |    3772 |    2761 |  42.3 |      36 |       4 |  10.0
        D:9 |    3515 |     319 |   8.3 |      34 |      10 |  22.7
       D:10 |    1828 |    4917 |  72.9 |      11 |      10 |  47.6
      Sewer |       0 |     108 | 100.0 |       0 |      11 | 100.0
            +---------+---------+-------+---------+---------+-------

Illustrated notes

Table legend:
 A = Kills in this place as a percentage of kills in entire the game.
 B = Kills by you in this place as a percentage of kills by you in the entire game.
 C = Kills by friends in this place as a percentage of kills by friends in the entire game.
 D = Other kills in this place as a percentage of other kills in the entire game.
 E = Experience gained in this place as a percentage of experience gained in the entire game.
 F = Experience gained in this place divided by the number of levels of this place that you have seen.
                   A       B       C       D       E      F
               +-------+-------+-------+-------+-------+----------------------
         Total | 100.0 | 100.0 |   N/A |   N/A | 100.0 | 2366.0
       Dungeon |  97.0 |  97.0 |   N/A |   N/A |  99.6 | 2828.4
         Sewer |   3.0 |   3.0 |   N/A |   N/A |   0.4 | 108.0
               +-------+-------+-------+-------+-------+----------------------

Table legend: (Time is in decaauts)
 A = Elapsed time spent in this place.
 B = Non-inter-level travel time spent in this place.
 C = Inter-level travel time spent in this place.
 D = Time resting spent in this place.
 E = Time spent auto-exploring this place.
 F = Levels seen in this place.
 G = Mean time per level.
                   A        B        C        D        E       F      G
               +--------+--------+--------+--------+--------+-----+--------+
         Total |  18265 |  17828 |    437 |    374 |  15142 |  12 | 1522.1 |
       Dungeon |  17943 |  17514 |    429 |    374 |  14897 |  10 | 1794.3 |
        Temple |     14 |      6 |      8 |      0 |      0 |   1 |   14.0 |
         Sewer |    308 |    308 |      0 |      0 |    244 |   1 |  308.0 |
               +--------+--------+--------+--------+--------+-----+--------+

Top non-repeatable levels by time:
     D:7: 4433 daAuts
     D:9: 2506 daAuts
     D:8: 2022 daAuts
     D:2: 1646 daAuts
     D:6: 1561 daAuts
     D:4: 1467 daAuts
     D:3: 1414 daAuts
     D:1: 998 daAuts
    D:10: 995 daAuts
     D:5: 898 daAuts
   Sewer: 308 daAuts
  Temple: 14 daAuts
